 Dungeon Crawl Stone Soup version 0.31.0-11-ge490571c62 (webtiles) character file.

Game seed: 14586372110320738295

1625 stipulation the Purveyor of Pain (level 8, -1/36 HPs)
             Began as a Vine Stalker Necromancer on Jan 28, 2024.
             Was an Initiate of Kikubaaqudgha.
             Slain by Prince Ribbit (7 damage)
             ... on level 5 of the Dungeon.
             The game lasted 00:10:43 (7103 turns).

stipulation the Purveyor of Pain (VSNe)             Turns: 7103, Time: 00:10:44

Health: -1/36      AC:  4    Str: 12    XL:     8   Next: 97%
Magic:  0/21       EV: 12    Int: 17    God:    Kikubaaqudgha [......]
Gold:   320        SH:  0    Dex: 14    Spells: 15/23 levels left

rFire   . . .        C - +0 flail
rCold   . . .        (no shield)
rNeg    . . .        a - +0 robe
rPois   .            (no helmet)
rElec   .            d - +0 cloak
rCorr   .            k - +0 pair of gloves
SInv    .            (no boots)
Will    +....        (no amulet)
Stlth   ++           (no ring)
HPRegen 1.06/turn    (no ring)
MPRegen 0.17/turn

%: guardian spirit
@: no status effects
A: fangs 3, regeneration 1, magic shield, antimagic bite, no potion heal 2
a: Renounce Religion


You were on level 5 of the Dungeon.
You worshipped Kikubaaqudgha.
Kikubaaqudgha was noncommittal.
You visited 2 branches of the dungeon, and saw 7 of its levels.

You collected 320 gold pieces.

Inventory:

Hand Weapons
 C - a +0 flail (weapon)
Armour
 a - a +0 robe (worn)
 d - a +0 cloak (worn)
 k - a +0 pair of gloves (worn)
 p - a scarf of shadows
Jewellery
 i - a ring of willpower
 t - an amulet of regeneration
 w - a ring of positive energy
 y - a +4 ring of protection
 A - an amulet of the acrobat
Wands
 r - a wand of flame (16)
 z - a wand of mindburst (19)
Scrolls
 c - 3 scrolls of teleportation
 e - a scroll of silence
 f - a scroll of enchant weapon
 j - a scroll of torment
 o - a scroll of amnesia
 s - 2 scrolls of blinking
 u - a scroll of vulnerability
 v - 2 scrolls of fog
 x - a scroll of fear {unknown}
 B - a scroll of enchant armour {unknown}
 D - a scroll of revelation {unknown}
 G - a scroll of identify
Potions
 b - a potion of magic
 g - a potion of brilliance {unknown}
 h - a potion of might {unknown}
 l - 2 potions of haste {unknown}
 m - 3 potions of attraction {unknown}
 n - 2 potions of curing {unknown}
 q - a potion of berserk rage {unknown}
 E - a potion of degeneration {unknown}
 F - a potion of cancellation {unknown}


   Skills:
 - Level 1.5 Dodging
 - Level 2.4 Stealth
 + Level 8.1 Spellcasting
 + Level 8.8 Necromancy


You had 15 spell levels left.
You knew the following spells:

 Your Spells              Type           Power      Damage    Failure   Level
a - Necrotise             Necr           100%       1d9       1%          1
b - Vampiric Draining     Necr           36%        2d8       1%          3
c - Animate Dead          Necr           36%        N/A       2%          4

Your spell library contained the following spells:

 Spells                   Type           Power      Damage    Failure   Level
 Curse of Agony           Necr           36%        N/A       8%          5
 Freeze                   Ice            24%        1d4       11%         1
 Dazzling Flash           Conj/Hex       12%        N/A       30%         3
 Frozen Ramparts          Ice            12%        1d2       30%         3
 Hailstorm                Conj/Ice       6%         3d5       30%         3
 Mephitic Cloud           Conj/Alch/Air  6%         N/A       30%         3
 Summon Ice Beast         Ice/Summ       6%         N/A       30%         3
 Tukima's Dance           Hex            6%         N/A       30%         3
 Cause Fear               Hex            3%         N/A       71%         4
 Metabolic Englaciation   Hex/Ice        3%         N/A       96%         5
 Silence                  Hex/Air        3%         N/A       96%         5
 Summon Mana Viper        Hex/Summ       6%         N/A       96%         5
 Monstrous Menagerie      Summ           3%         N/A       100%        7
 Discord                  Hex            3%         N/A       100%        8


Dungeon Overview and Level Annotations

Branches:
Dungeon (6/15)             Temple (1/1) D:4

Altars:
Cheibriados
Dithmenos
Fedhas
Gozag
Hepliaklqana
Kikubaaqudgha
Makhleb
Nemelex Xobeh
Okawaru
Ru
Sif Muna
Trog
Uskayaw
Vehumet
Wu Jian
Yredelemnul
Zin
The Shining One

Annotations:
D:5 Duvessa, Prince Ribbit


Innate Abilities, Weirdness & Mutations

You have razor-sharp teeth.
Your natural rate of healing is unusually fast.
When hurt, damage is shared between your health and your magic reserves.
Your bite disrupts and absorbs the magic of your enemies.
Potions cannot restore your health.


Message History

You closely miss Prince Ribbit. You bite Prince Ribbit.
Prince Ribbit's magic leaks into the air.
You drain his magic.
You feel invigorated.
Prince Ribbit is heavily wounded.
Prince Ribbit barely misses you. Prince Ribbit hits you!
Casting: Vampiric Draining (safe; 1% risk of failure)
Confirm with . or Enter, or press ? or * to list all spells.
Aiming: Vampiric Draining (safe; 1% risk of failure)
Press: ? - help, Shift-Dir - straight line, f/p - Prince Ribbit
Aim: Prince Ribbit (heavily wounded, magic disrupted)
You draw life force from Prince Ribbit!
You feel life coursing into your body.
Prince Ribbit's magic is no longer disrupted.
Prince Ribbit hits you! Prince Ribbit hits you.
* * * LOW HITPOINT WARNING * * *
Okay, then.
Aiming: Mindburst
Press: ? - help, Shift-Dir - straight line, f/p - Prince Ribbit
Aim: Prince Ribbit (severely wounded, chance to affect: 47%) Prince Ribbit resists with some effort.
Prince Ribbit misses you.
Aiming: Mindburst
Press: ? - help, Shift-Dir - straight line, f/p - Prince Ribbit
Aim: Prince Ribbit (severely wounded, chance to affect: 47%) Prince Ribbit resists with some effort.
Prince Ribbit hits you.
* * * LOW HITPOINT WARNING * * *
Prince Ribbit hits you!
* * * LOW HITPOINT WARNING * * *
Okay, then.
Okay, then.
Prince Ribbit attacks as he pursues you!
Prince Ribbit hits you but does no damage.
Prince Ribbit closely misses you.
As you read the scroll of torment, it crumbles to dust.
Your body is wracked with pain!
* * * LOW HITPOINT WARNING * * *
Prince Ribbit convulses!
Prince Ribbit closely misses you.
You hit Prince Ribbit.
Prince Ribbit is almost dead.
Prince Ribbit hits you!
You die...
Kikubaaqudgha rasps: "You have failed me!
Welcome... death!"

........................#
#...
........................#
#...
........................+
#...
..................))....#
#...
.......####'####'##.....#
#### '#######..........#
....# .......#..........#
...# .......#........F.#
..# .......#........@.#
.# .##...##...####.### #
>##############.#
......#.........#
.<....#.........#
......#.........#
......#.........#
......#.........#
#################


You could see Prince Ribbit.

Vanquished Creatures
  A water moccasin (D:6)
  2 black bears
  4 ogres
  3 scorpions
  Dowan (D:5)
  A centaur zombie (D:4)
  4 hounds
  A bullfrog zombie (D:4)
  4 orc priests
  4 jellies
  2 iguanas
  An orc wizard (D:5)
  A scorpion zombie (D:4)
  A hound zombie (D:4)
  12 adders
  A gnoll (D:2)
  A shadow imp (D:6)
  3 white imps (D:6)
  A ribbon worm (D:2)
  2 dart slugs
  12 orcs
  5 endoplasms
  9 goblins
  3 hobgoblins
  3 jackals (D:1)
  8 kobolds
  5 quokkas
  8 ball pythons
  4 bats
  6 frilled lizards
  3 rats
116 creatures vanquished.

Vanquished Creatures (collateral kills)
  A hobgoblin (D:1)
1 creature vanquished.

Grand Total: 117 creatures vanquished

Notes
Turn   | Place    | Note
-------+----------+-------------------------------------------
     0 | D:1      | stipulation the Vine Stalker Necromancer began the quest
                  | for the Orb.
     0 | D:1      | Reached XP level 1. HP: 9/9 MP: 4/4
    44 | D:1      | Found a faded altar of an unknown god.
   267 | D:1      | Reached XP level 2. HP: 13/13 MP: 3/6
  1062 | D:1      | Reached XP level 3. HP: 15/16 MP: 2/8
  1541 | D:2      | Reached XP level 4. HP: 19/21 MP: 0/10
  1814 | D:2      | Reached skill level 5 in Necromancy
  2302 | D:2      | Reached XP level 5. HP: 21/24 MP: 9/11
  2393 | D:2      | Learned a level 3 spell: Vampiric Draining
  2398 | D:2      | Learned a level 4 spell: Animate Dead
  3156 | D:3      | Found a glowing golden altar of the Shining One.
  3594 | D:4      | Reached XP level 6. HP: 24/28 MP: 0/13
  3712 | D:4      | Found a basalt altar of Yredelemnul.
  3805 | D:4      | Reached skill level 5 in Spellcasting
  3891 | D:4      | Found an iron altar of Okawaru.
  4197 | D:4      | Found a bloodstained altar of Trog.
  4261 | D:4      | Found a staircase to the Ecumenical Temple.
  4276 | Temple   | Entered the Ecumenical Temple
  4285 | Temple   | Became a worshipper of Kikubaaqudgha
  4424 | D:5      | Entered Level 5 of the Dungeon
  4486 | D:5      | Noticed Duvessa
  4486 | D:5      | Noticed Dowan
  4523 | D:5      | Noticed a black bear
  4529 | D:5      | Killed a black bear
  4530 | D:5      | Reached XP level 7. HP: 32/32 MP: 1/16
  5400 | D:6      | Gained mutation: You have razor-sharp teeth. [Vine Stalker
                  | growth]
  5400 | D:6      | Reached XP level 8. HP: 36/36 MP: 14/18
  5656 | D:6      | Got the Incunable of Doom
  6837 | D:5      | Killed Dowan
  7084 | D:5      | Noticed Prince Ribbit
  7098 | D:5      | HP: 1/36 [Prince Ribbit (6)]
  7103 | D:5      | Slain by Prince Ribbit

Illustrated notes

Levels and vault maps discovered:
D:1:      dpeg_arrival_houses_and_road, layout_basic,
          ebering_ecumenical_altar_abandoned, serial_co_window_serial,
          co_window_of_opportunity_a, co_window_paths_b, co_window_corner_a,
          co_window_paths_a, co_window_corner_a, co_window_of_opportunity_a,
          co_window_of_opportunity_a, co_window_paths_b, co_window_corner_a,
          co_window_broadway_c, co_window_broadway_c, co_window_corner_b,
          co_window_paths_d, glass_columns_a, glass_columns_a,
          minmay_misc_feat_hallway
D:2:      layout_basic, nicolae_half_adder
D:3:      layout_basic, tso_oasis_becter, due_unseen_surprise
D:4:      layout_gridville, old_standard_altar,
          nicolae_yredelemnul_corpse_copse, mainiacjoe_overflow_catwalk,
          minmay_temple_entry_purple_smoke
D:5:      layout_gridville, uniq_duvessa, uniq_prince_ribbit1
D:6:      layout_rooms, serial_library, serial_library_hellmonk_statue_hall,
          serial_library_regret_index_small_wings,
          serial_library_hellmonk_filled_rooms, serial_library_hellmonk_u_bend,
          serial_library_hellmonk_recessed_alcove,
          serial_library_hellmonk_metal_room, serial_library_hellmonk_u_bend,
          serial_library_hellmonk_big_corner, serial_library_hellmonk_room_a
Temple:   eino_temple_lava

Skill      XL: |  1  2  3  4  5  6  7  8 |
---------------+-------------------------+-----
Spellcasting   | 3 4 5 6 8 |  8.1
Necromancy     | 5 6 7 8 |  8.8
Dodging        | |  1.5
Stealth        | |  2.4

Action                     |  1- 3 |  4- 6 |  7- 9 || total
---------------------------+-------+-------+-------++-------
  Melee: Unarmed           |     2 |   104 |    26 ||   132
         Bite              |       |    46 |    19 ||    65
         Punch             |       |     1 |     1 ||     2
         Flail             |       |       |    29 ||    29
   Cast: Necrotise         |    64 |    95 |    84 ||   243
         Vampiric Draining |       |     4 |    24 ||    28
  Evoke: Wand              |       |       |     2 ||     2
    Use: Scroll            |       |     6 |     3 ||     9
   Stab: Sleeping          |       |     3 |       ||     3
 Armour: Robe              |    11 |   103 |    66 ||   180
  Dodge: Dodged            |    18 |   114 |    68 ||   200
